 Dungeon Crawl Stone Soup version 0.30-a0-782-ge64f9170bb (webtiles) character file.

Game seed: 2325264372741808857

28 mopl the Slasher (level 3, -6/21 HPs)
             Began as a Tengu Warper on Mar 13, 2023.
             Mangled by Sigmund
             ... wielding a +1 scythe of distortion
              (9 damage)
             ... on level 2 of the Dungeon.
             The game lasted 00:01:28 (836 turns).

mopl the Slasher (Tengu Warper)                      Turns: 836, Time: 00:01:28

Health: -6/21      AC:  5    Str: 13    XL:     3   Next: 14%
Magic:  7/7        EV: 11    Int: 13    God:
Gold:   83         SH:  0    Dex: 13    Spells: 4/6 levels left

rFire   . . .      SeeInvis .    a - +0 falchion
rCold   . . .      Faith    .    (no shield)
rNeg    . . .      Spirit   .    h - +0 ring mail
rPois   .          Reflect  .    (helmet restricted)
rElec   .          Harm     .    (no cloak)
rCorr   .          Rampage  .    (no gloves)
Will    .....                    (boots unavailable)
Stlth   +                        (no amulet)
HPRegen 0.23/turn                (no ring)
MPRegen 0.10/turn                (no ring)

@: no status effects
A: beak, talons 3
a: no special abilities


You were on level 2 of the Dungeon.
You visited 1 branch of the dungeon, and saw 2 of its levels.

You collected 83 gold pieces.

Inventory:

Hand Weapons
 a - a +0 falchion (weapon)
Missiles
 d - 7 boomerangs of dispersal (quivered)
Armour
 h - a +0 ring mail (worn)
Scrolls
 b - a scroll of vulnerability {unknown}
 c - a scroll of blinking
 f - a scroll of enchant weapon {unknown}
 k - a scroll of fear {unknown}
 m - a scroll of torment {unknown}
 n - 2 scrolls of identify {unknown}
 q - a scroll of fog {unknown}
Potions
 e - a potion of berserk rage {unknown}
 g - a potion of mutation {unknown}
 i - a potion of degeneration {unknown}
 j - a potion of curing {unknown}
 l - a potion of attraction {unknown}
 p - a potion of cancellation {unknown}


   Skills:
 - Level 2.0 Fighting
 + Level 3.9 Long Blades
 - Level 1.0 Throwing
 - Level 1.1 Armour
 - Level 2.1 Dodging
 - Level 2.0 Spellcasting
 - Level 2.4 Translocations


You had 4 spell levels left.
You knew the following spells:

 Your Spells              Type           Power      Damage    Failure   Level
e - Blink                 Tloc           14%        N/A       30%         2

Your spell library contained the following spells:

 Spells                   Type           Power      Damage    Failure   Level
 Lesser Beckoning         Tloc           14%        N/A       30%         2
 Magic Dart               Conj           4%         1d3       47%         1
 Teleport Other           Tloc           7%         N/A       52%         3
 Call Imp                 Summ           1%         N/A       63%         2
 Vhi's Electric Charge    Tloc/Air       8%         N/A       69%         3
 Mephitic Cloud           Conj/Pois/Air  1%         N/A       85%         3
 Manifold Assault         Tloc           7%         N/A       90%         4


Dungeon Overview and Level Annotations

Branches:
Dungeon (2/15)

Altars:

Annotations:
D:2 Sigmund


Innate Abilities, Weirdness & Mutations

You have a beak for a mouth.
You have claws for feet.


Message History

The magic dart hits you.
Sigmund casts a spell.
Sigmund flickers and vanishes!
A magic dart appears from out of thin air!
The magic dart hits you!
There is a stone staircase leading up here.
You climb upwards.
Reactivating autopickup.
There is a stone staircase leading down here.
You start resting.
HP restored.
You climb downwards.
Level annotation: Sigmund
There is a stone staircase leading up here.
You throw an atropa-tipped dart. The atropa-tipped dart hits Sigmund.
Sigmund appears confused.
Sigmund seems less confused.
Sigmund casts a spell at you. The puff of flame misses you.
Sigmund gestures at you while chanting. The magic dart hits you.
You barely miss Sigmund. Your kick misses Sigmund.
Sigmund hits you with a +1 scythe of distortion.
You hit Sigmund. You peck Sigmund, but do no damage.
Sigmund is moderately wounded.
Sigmund is no longer blind.
Sigmund barely misses you.
You hit Sigmund.
Sigmund is moderately wounded.
You hit Sigmund. You claw Sigmund, but do no damage.
Sigmund is heavily wounded.
Sigmund hits you with a +1 scythe of distortion.
Space warps around you.
* * * LOW HITPOINT WARNING * * *
You are too injured to fight recklessly!
Throw: dart (atropa)
Press: ? - help, Q - select action, (/) - cycle Shift-Dir - straight line, f/p - Sigmund
Aim: Sigmund, wielding a +1 scythe of distortion and wearing a +0 robe (heavily wounded, 53% to hit, chance to blind on hit: 75%)
You throw an atropa-tipped dart.
The atropa-tipped dart barely misses Sigmund.
Sigmund hits you with a +1 scythe of distortion!
You die...

#####.#.# #.# ####.####
......#.# #.# #.......#
#####...# #.# #.#..####
.####+#+###.# #.#..#
.#..........# #.#..#
.#..........# #.#..#
.#..........# #.#..#
.#[.........####.#..####
.#.......(....(@@.<....#
.#.........#####.#######
.######'########.#####
.# #.....†........# ##
################


You could see Sigmund.

Vanquished Creatures
  A worm (D:2)
  2 bats (D:1)
  An endoplasm (D:1)
  3 giant cockroaches
  4 goblins
  3 hobgoblins
  2 quokkas (D:1)
  A ball python (D:1)
  4 frilled lizards
  2 rats (D:1)
23 creatures vanquished.

Notes
Turn   | Place    | Note
-------+----------+-------------------------------------------
     0 | D:1      | mopl the Tengu Warper began the quest for the Orb.
     0 | D:1      | Reached XP level 1. HP: 12/12 MP: 4/4
   178 | D:1      | Reached skill level 3 in Long Blades
   178 | D:1      | Reached XP level 2. HP: 16/17 MP: 6/6
   563 | D:2      | Learned a level 2 spell: Blink
   567 | D:2      | Reached XP level 3. HP: 19/21 MP: 7/7
   743 | D:2      | Noticed Sigmund
   836 | D:2      | Mangled by Sigmund

Illustrated notes

Levels and vault maps discovered:
D:1:      dpeg_arrival_houses_and_road, layout_rooms, chequers_garden
D:2:      layout_basic, basic_altar, minmay_tetromino_s4, uniq_jessica,
          uniq_sigmund

Skill      XL: |  1 |
---------------+----+-----
Long Blades    | 3 |  3.9
Fighting       | |  2.0
Throwing       | |  1.0
Armour         | |  1.1
Dodging        | |  2.1
Spellcasting   | |  2.0
Translocations | |  2.4

Action                     || total
---------------------------++-------
  Melee: Falchion          ||    69
         Kick              ||    13
         Peck              ||     6
         Punch             ||     1
  Throw: Dart              ||     4
 Armour: Ring mail         ||    29
  Dodge: Dodged            ||    40

Table legend: (Time is in decaauts)
 A = Elapsed time spent in this place.
 B = Non-inter-level travel time spent in this place.
 C = Inter-level travel time spent in this place.
 D = Time resting spent in this place.
 E = Time spent auto-exploring this place.
 F = Levels seen in this place.
 G = Mean time per level.
                   A        B        C        D        E       F      G
               +--------+--------+--------+--------+--------+-----+--------+
         Total |    845 |    840 |      5 |     25 |    565 |   2 |  422.5 |
       Dungeon |    845 |    840 |      5 |     25 |    565 |   2 |  422.5 |
               +--------+--------+--------+--------+--------+-----+--------+

Top non-repeatable levels by time:
     D:1: 468 daAuts
     D:2: 377 daAuts
